 Dungeon Crawl Stone Soup version 0.25-a0-571-gb5e01bd (webtiles) character file.

Game seed: 4947058822204433834, levelgen mode: deterministic

944 relicbr the Destroyer (level 8, -6/41 HPs)
             Began as a Tengu Conjurer on Feb 29, 2020.
             Was a Follower of Vehumet.
             Mangled by an orc warrior
             ... wielding a +0 short sword
              (17 damage)
             ... on level 6 of the Dungeon.
             The game lasted 00:10:16 (5260 turns).

relicbr the Destroyer (Tengu Conjurer)              Turns: 5260, Time: 00:10:17

Health: -6/41      AC:  4    Str:  8    XL:     8   Next: 12%
Magic:  5/16       EV: 14    Int: 17    God:    Vehumet [*.....]
Gold:   342        SH:  0    Dex: 16    Spells: 13/16 levels left

rFire    . . .     SeeInvis .   j - +3 short sword (venom)
rCold    . . .     Gourm    .   (no shield)
rNeg     . . .     Faith    .   e - +0 leather armour
rPois    .         Spirit   .   (helmet restricted)
rElec    .         Reflect  .   o - +0 cloak
rCorr    .         Harm     .   (no gloves)
MR       .....                  (boots unavailable)
Stlth    ++........             b - amulet of regeneration
HPRegen  0.53/turn              (no ring)
MPRegen  0.15/turn              (no ring)

@: flying quickly and evasively, studying Polearms, quick
A: beak, talons 3, able to fly
a: Stop Flying, Renounce Religion


You were on level 6 of the Dungeon.
You worshipped Vehumet.
Vehumet was aware of your devotion.
You were hungry.

You visited 1 branch of the dungeon, and saw 6 of its levels.

You collected 342 gold pieces.

Inventory:

Hand Weapons
 j - a +3 short sword of venom (weapon)
Missiles
 d - 9 boomerangs (quivered)
 y - 2 throwing nets
Armour
 e - a +0 leather armour (worn)
 o - a +0 cloak (worn)
Jewellery
 b - an amulet of regeneration (around neck)
Wands
 l - a wand of paralysis (9)
 x - a wand of enslavement (7)
Scrolls
 a - 5 scrolls of blinking
 g - 3 scrolls of fog
 h - 3 scrolls of immolation
 n - 3 scrolls of remove curse
 p - a scroll of amnesia {unknown}
 u - a scroll of enchant weapon {unknown}
 v - a scroll of fear
 w - a scroll of teleportation
 B - a scroll of noise {unknown}
Potions
 i - a potion of cancellation {unknown}
 m - a potion of might {unknown}
 q - a potion of brilliance {unknown}
 r - a potion of haste {unknown}
 s - 2 potions of curing
 t - a potion of heal wounds {unknown}
 A - 2 potions of flight {unknown}
Books
 k - a manual of Polearms
Comestibles
 c - 10 rations


   Skills:
 - Level 2.1 Dodging
 - Level 2.0 Stealth
 * Level 4.8 Spellcasting
 - Level 11.1 Conjurations


You had 13 spell levels left.
You knew the following spells:

 Your Spells              Type           Power        Failure   Level  Hunger
a - Magic Dart            Conj           ####         1%          1    None
b - Searing Ray           Conj           #####.       1%          2    #......

Your spell library contained the following spells:

 Spells                   Type           Power        Failure   Level  Hunger
 Foxfire                  Conj/Fire      ###.         2%          1    None
 Dazzling Flash           Conj/Hex       ###...       6%          3    ###....
 Fulminant Prism          Conj/Hex       ###.......   22%         4    ####...
 Iskenderun's Mystic Bla  Conj/Tloc      ###.....     22%         4    ####...


Dungeon Overview and Level Annotations

Branches:
Dungeon (6/15)
 Temple: D:4-7

Altars:
Ashenzari
Kikubaaqudgha
Qazlal
Sif Muna
Vehumet
Wu Jian
Zin

Shops:
D:4 =   D:5 (


Innate Abilities, Weirdness & Mutations

You have a beak for a mouth.
You have claws for feet.
You can fly continuously.


Message History

The orc wizard gestures wildly while chanting.
The orc wizard blinks!
The searing ray misses the orc warrior.
The orc warrior barely misses you.
The searing ray hits the orc warrior!
The orc warrior is heavily wounded.
The orc warrior hits you with a +0 short sword!
Casting: Searing Ray (safe; 1% risk of failure)
Confirm with . or Enter, or press ? or * to list all spells.
Aiming: Searing Ray (safe; 1% risk of failure)
Press: ? - help, Shift-Dir - straight line, f/p - orc warrior
Aim: an orc warrior, wielding a +0 short sword and wearing a +0 plate armour (heavily wounded)
The searing ray hits the orc warrior.
The orc warrior is heavily wounded. (Press . to maintain the ray.)
The orc warrior hits you with a +0 short sword!
* * * LOW HITPOINT WARNING * * *
The searing ray hits the orc warrior.
The orc warrior is heavily wounded.
The orc warrior hits you with a +0 short sword!
You die...

.#.....###........
.........+........
####........#........
#.........#.##.......
#oo###.#.###.....#
#).....#.# ##...##
#.###..#.# ##+#
#o###..#.# #.##
#.##@.......#####..##
#.........##......#.#
########.###.###...#.
#............#
#####.#.#.....
#.......## ###.....#.
###+####


You could see an orc warrior, an orc wizard and an orc.

Vanquished Creatures
  Purgy (D:3)
  3 centaurs
  A bullfrog (D:6)
  A scorpion (D:6)
  A crimson imp (D:5)
  5 hounds
  An iguana (D:2)
  Natasha (twice) (D:4)
  2 worker ants
  A hound skeleton (D:4)
  7 adders
  A gnoll (D:5)
  An adder zombie (D:5)
  An adder skeleton (D:4)
  3 worms
  4 dart slugs
  6 leopard geckos
  7 orcs
  A giant cockroach (D:2)
  3 goblins (D:2)
  3 hobgoblins
  13 jackals
  2 quokkas
  A ball python (D:2)
  8 bats
  2 frilled lizards (D:1)
  A jackal zombie (D:5)
  4 kobolds
  4 rats
  A plant (D:2)
91 creatures vanquished.

Notes
Turn   | Place    | Note
-------+----------+-------------------------------------------
     0 | D:1      | relicbr the Tengu Conjurer began the quest for the Orb.
     0 | D:1      | Reached XP level 1. HP: 10/10 MP: 4/4
   473 | D:1      | Reached XP level 2. HP: 15/15 MP: 6/6
   608 | D:1      | Reached skill level 6 in Conjurations
   675 | D:1      | Learned a level 2 spell: Searing Ray
   845 | D:2      | Reached XP level 3. HP: 6/19 MP: 0/7
  1094 | D:1      | Reached skill level 7 in Conjurations
  1220 | D:2      | Reached XP level 4. HP: 23/24 MP: 4/8
  1459 | D:2      | Found an ancient bone altar of Kikubaaqudgha.
  2075 | D:2      | Found a radiant altar of Vehumet.
  2076 | D:2      | Found a stormy altar of Qazlal.
  2132 | D:2      | Became a worshipper of Vehumet
  2531 | D:3      | Reached skill level 8 in Conjurations
  2589 | D:3      | You fall into a shaft and drop 2 floors!
  2589 | D:5      | Entered Level 5 of the Dungeon
  2628 | D:4      | Gained mutation: You can fly continuously. [Tengu growth]
  2628 | D:4      | Reached XP level 5. HP: 28/28 MP: 6/9
  2772 | D:4      | Found Fiodeugi's Jewellery Emporium.
  2924 | D:4      | Reached skill level 9 in Conjurations
  2989 | D:4      | Noticed Natasha
  2992 | D:4      | Killed Natasha
  2992 | D:4      | Reached XP level 6. HP: 32/32 MP: 6/10
  3388 | D:4      | Reached skill level 10 in Conjurations
  3391 | D:4      | Reached XP level 7. HP: 7/36 MP: 3/11
  3512 | D:3      | Reached * piety under Vehumet
  3512 | D:3      | Offered knowledge of Foxfire by Vehumet.
  3555 | D:3      | Noticed Purgy
  3563 | D:3      | Killed Purgy
  3563 | D:3      | Reached skill level 11 in Conjurations
  3956 | D:3      | Found a shimmering blue altar of Sif Muna.
  4188 | D:4      | Noticed Natasha
  4197 | D:4      | Killed Natasha
  4317 | D:4      | Found a glowing silver altar of Zin.
  4456 | D:5      | Found an ornate altar of the Wu Jian Council.
  4457 | D:5      | Found a shattered altar of Ashenzari.
  4728 | D:5      | Found Mekuam's Antique Weapon Shoppe.
  5147 | D:6      | Reached XP level 8. HP: 33/41 MP: 12/15
  5260 | D:6      | Mangled by an orc warrior

Levels and vault maps discovered:
D:1:      lightli_arrival_statuegarden, layout_loops_ring,
          minmay_strange_pillars
D:2:      layout_basic, overflow_temple_1_default,
          gammafunk_temple_overflow_statue, serial_forest,
          infiniplex_forest_lined_4_way, infiniplex_forest_straight_2,
          infiniplex_forest_clump_double, infiniplex_forest_clump_small,
          infiniplex_forest_end_3, infiniplex_forest_join
D:3:      layout_basic, lemuel_doored_altar, first_ration, uniq_purgy
D:4:      layout_gridville, zin_scriptorium, serial_shops,
          nicolae_shop_behind_doors, minmay_misc_feat_alley,
          minmay_manual_mares, uniq_natasha
D:5:      layout_loops_ring, grunt_temple_overflow_open, serial_shops,
          kennysheep_mini_moat, cheibrodos_gnoll_hut
D:6:      layout_loops_corners, lemuel_round_altar, minmay_temple_entry_hall

Skill      XL: |  1  2  3  4  5  6  7 |
---------------+----------------------+-----
Conjurations   | 6 7 8 9 10 11 | 11.1
Spellcasting   | 4 |  4.8
Dodging        | |  2.1
Stealth        | |  2.0

Action                   |  1- 3 |  4- 6 |  7- 9 || total
-------------------------+-------+-------+-------++-------
Melee: Mace              |     3 |    13 |       ||    16
       Short sword       |       |    51 |    35 ||    86
       Kick              |       |     9 |     9 ||    18
       Peck              |       |     7 |     1 ||     8
Throw: Boomerang         |     3 |       |       ||     3
 Cast: Magic Dart        |    30 |    25 |    15 ||    70
       Searing Ray       |     2 |    15 |    13 ||    30
 Abil: Fly               |       |     1 |       ||     1
  Use: Scroll            |       |       |     7 ||     7
 Stab: Sleeping          |     1 |     3 |     3 ||     7
  Eat: Chunk             |     1 |     8 |     6 ||    15
Armor: Leather armour    |     1 |    11 |     6 ||    18
Dodge: Dodged            |     5 |    43 |    28 ||    76

Table legend:
 A = Non-vault XP
 B = Vault XP
 C = Vault XP percentage of total XP
 D = Non-vault monster count
 E = Vault monster count
 F = Vault count percentage of total count
                 A         B        C        D         E       F
            +---------+---------+-------+---------+---------+-------
      Total |     852 |     497 |  36.8 |      83 |       7 |   7.8
            +---------+---------+-------+---------+---------+-------
        D:1 |      28 |       0 |   0.0 |      12 |       0 |   0.0
        D:2 |      98 |       0 |   0.0 |      24 |       0 |   0.0
        D:3 |      74 |     136 |  64.8 |      19 |       1 |   5.0
        D:4 |     262 |     262 |  50.0 |      14 |       3 |  17.6
        D:5 |     189 |      99 |  34.4 |       9 |       3 |  25.0
        D:6 |     201 |       0 |   0.0 |       5 |       0 |   0.0
            +---------+---------+-------+---------+---------+-------
